 Dungeon Crawl Stone Soup version 0.24-b1-44-g37ad8b309f (webtiles) character file.

Game seed: 12586766683139287864, levelgen mode: deterministic

58 Mrkan the Cudgeler (level 4, -2/29 HPs)
             Began as a Gargoyle Monk on Oct 24, 2019.
             Was a Believer of Makhleb.
             Splashed by Ijyb's acid (15 damage)
             ... on level 4 of the Dungeon.
             The game lasted 00:03:16 (1470 turns).

Mrkan the Cudgeler (Gargoyle Monk)                  Turns: 1470, Time: 00:03:16

Health: -2/29      AC:  8    Str: 15    XL:     4   Next: 1%
Magic:  4/4        EV:  7    Int: 11    God:    Makhleb [**....]
Gold:   137        SH:  0    Dex: 12    Spells: 3/3 levels left

rFire    . . .     SeeInvis .   a - +0 mace
rCold    . . .     Gourm    .   (no shield)
rNeg     + . .     Faith    .   n - +0 chain mail
rPois    ∞         Spirit   .   j - +0 helmet
rElec    +         Reflect  .   (no cloak)
rCorr    .         Harm     .   (no gloves)
MR       .....                  (no boots)
Stlth    ..........             (no amulet)
HPRegen  0.09/turn              (no ring)
MPRegen  0.09/turn              (no ring)

@: corroded
A: negative energy resistance 1, electricity resistance, unbreathing,
petrification resistance, rot immunity, AC +3
a: Minor Destruction, Renounce Religion


You were on level 4 of the Dungeon.
You worshipped Makhleb.
Makhleb was pleased with you.
You were hungry.

You visited 1 branch of the dungeon, and saw 4 of its levels.

You collected 137 gold pieces.

Inventory:

Hand Weapons
 a - a +0 mace (weapon)
Missiles
 h - 24 stones (quivered)
 k - 17 poisoned darts
Armour
 b - a +0 robe
 j - a +0 helmet (worn)
 n - a +0 chain mail (worn)
Jewellery
 i - an uncursed ring of ice {unknown}
Scrolls
 d - a scroll of fear {unknown}
 e - 2 scrolls of remove curse {unknown}
 f - a scroll of magic mapping {unknown}
 g - a scroll of identify {unknown}
Potions
 l - a potion of agility {unknown}
 m - 2 potions of curing {unknown}
Comestibles
 c - 2 rations
 o - 2 chunks of flesh


   Skills:
 + Level 3.8 Fighting
 * Level 4.0 Maces & Flails
 - Level 2.4 Dodging
 + Level 3.0 Stealth


You had 3 spell levels left.
You didn't know any spells.
Your spell library was empty.

Dungeon Overview and Level Annotations

Branches:
Dungeon (4/15)
 Temple: D:4-7

Altars:
Makhleb
Ru

Annotations:
D:2 Sigmund
D:4 Ijyb


Innate Abilities, Weirdness & Mutations

You are resistant to torment.
Your stone body is resilient. (AC +3)
You are immune to poison.
You resist negative energy. (rN+)
You are resistant to electric shocks. (rElec)
You can survive without breathing.
You are immune to petrification.
You are immune to rotting.


Message History

You butcher the leopard gecko corpse.
o - 2 chunks of flesh You see here a leopard gecko skeleton.
Ijyb the Twisted Goblin comes into view.
She is wielding a +0 club and carrying a wand of acid (8).
You see here an adder corpse.
You butcher the adder corpse.
Things that are here:
2 chunks of flesh; an adder skeleton Your chain mail prevents you from hitting Ijyb.
Ijyb hits you but does no damage.
You closely miss Ijyb. Ijyb hits you but does no damage.
You hit Ijyb but do no damage. Ijyb barely misses you.
Your chain mail prevents you from hitting Ijyb.
Ijyb hits you but does no damage.
You closely miss Ijyb. Ijyb barely misses you.
Ijyb hits you but does no damage.
You hit Ijyb but do no damage.
Ijyb zaps a wand.
The bolt of acid hits you! The acid corrodes you!
You are splashed with acid!
Ouch! That really hurt!
You die...

#..# #..#
#..# #%.#
####..###
#...÷<..#
#.$..%..#
#.......#
#....@.)#
#....g..#
#..........
#....(..####
####.#### #.
#. #.


You could see Ijyb.

Vanquished Creatures
  2 adders
  A worm (D:3)
  2 dart slugs (D:1)
  A leopard gecko (D:4)
  An orc (D:3)
  2 giant cockroaches (D:1)
  8 goblins
  3 hobgoblins (D:1)
  A ball python (D:3)
  4 bats
  3 frilled lizards
  2 kobolds (D:3)
  2 rats (D:3)
32 creatures vanquished.

Notes
Turn   | Place    | Note
-------+----------+-------------------------------------------
     0 | D:1      | Mrkan the Gargoyle Monk began the quest for the Orb.
     0 | D:1      | Reached XP level 1. HP: 14/14 MP: 1/1
   214 | D:1      | Reached XP level 2. HP: 19/19 MP: 2/2
   595 | D:2      | Noticed Sigmund
   659 | D:3      | Reached XP level 3. HP: 23/23 MP: 3/3
   934 | D:3      | Found a sacrificial altar of Ru.
  1096 | D:3      | Found a burning altar of Makhleb.
  1096 | D:3      | Noticed a cacodemon
  1261 | D:3      | Noticed a hellwing
  1261 | D:3      | Noticed an orange demon
  1263 | D:3      | Became a worshipper of Makhleb the Destroyer
  1263 | D:3      | Reached * piety under Makhleb
  1263 | D:3      | Reached ** piety under Makhleb
  1457 | D:4      | Reached skill level 4 in Maces & Flails
  1457 | D:4      | Reached XP level 4. HP: 20/29 MP: 4/4
  1461 | D:4      | Noticed Ijyb
  1470 | D:4      | Splashed by Ijyb's acid

Skill      XL: |  1  2  3 |
---------------+----------+-----
Stealth        | 3 |  3.0
Maces & Flails | 4 |  4.0
Fighting       | |  3.8
Dodging        | |  2.4

Action                   |  1- 3 |  4- 6 || total
-------------------------+-------+-------++-------
Melee: Mace              |    98 |     6 ||   104
 Stab: Sleeping          |     3 |       ||     3
  Eat: Chunk             |     1 |       ||     1
Armor: Robe              |    33 |       ||    33
       Chain mail        |    16 |     4 ||    20
Dodge: Dodged            |    74 |     2 ||    76
